 Dungeon Crawl Stone Soup version 0.31-a0-1-g4198be8af4 (webtiles) character file.

Game seed: 12509664935105056744

199 benadryl the Ruffian (level 5, -1/50 HPs)
             Began as a Troll Fighter on May 2, 2023.
             Slain by an orc
             ... wielding a +0 hand axe
              (5 damage)
             ... on level 4 of the Dungeon.
             The game lasted 00:01:11 (2086 turns).

benadryl the Ruffian (Troll Fighter)                Turns: 2086, Time: 00:01:11

Health: -1/50      AC:  4    Str: 26    XL:     5   Next: 48%
Magic:  4/4        EV:  8    Int:  4    God:
Gold:   116        SH:  7    Dex:  9    Spells: 4/4 levels left

rFire   . .          .
                       - Unarmed
rCold   . . .        b - +0 kite shield
rNeg    . . .        a - +0 robe
rPois   .            (helmet restricted)
rElec   .            (no cloak)
rCorr   .            (gloves unavailable)
SInv    .            (boots unavailable)
Will    .....        (no amulet)
Stlth   +            (no ring)
HPRegen 1.08/turn    (no ring)
MPRegen 0.09/turn

%: no passive effects
@: mighty
A: large, unfitting armour, claws 3, regeneration 1, shaggy fur 1, tough skin 1
a: no special abilities


You were on level 4 of the Dungeon.
You visited 1 branch of the dungeon, and saw 4 of its levels.

You collected 116 gold pieces.

Inventory:

Armour
 a - a +0 robe (worn)
 b - a +0 kite shield (worn)
Scrolls
 g - a scroll of immolation {unknown}
 h - 5 scrolls of identify {unknown}
 i - a scroll of butterflies {unknown}
 j - a scroll of teleportation {unknown}
 k - 2 scrolls of poison {unknown}
Potions
 d - a potion of attraction {unknown}
 e - 3 potions of haste {unknown}
 f - a potion of invisibility {unknown}
 l - a potion of degeneration {unknown}
 m - a potion of curing {unknown}


   Skills:
 - Level 2.4 Fighting
 - Level 2.4 Dodging
 - Level 2.6 Shields
 * Level 5.8 Unarmed Combat


You had 4 spell levels left.
You didn't know any spells.
Your spell library was empty.

Dungeon Overview and Level Annotations

Branches:
Dungeon (4/15)
 Temple: D:4-7

Altars:

Shops:
D:2 *


Innate Abilities, Weirdness & Mutations

You are too large for most types of armour.
You have claws for hands.
Your natural rate of healing is unusually fast.
You are covered in fur. (AC +1)
You have tough skin. (AC +1)


Message History

There are monsters nearby!
You are too injured to fight recklessly!
You are too injured to fight recklessly!
You are too injured to fight recklessly!
You are too injured to fight recklessly!
You are too injured to fight recklessly!
There are monsters nearby!
Unknown command.
You mangle the orc!!
You kill the orc!
The orc hits you with a +0 trident.
Things that are here:
a +0 hand axe; a +0 leather armour; an orc corpse You barely miss the orc priest.
The orc priest closely misses you. You block the orc's attack.
You scratch the orc priest.
The orc priest is moderately wounded.
You block the orc's attack. x2
The orc priest invokes the aid of Beogh against you.
Beogh smites you!
* * * LOW HITPOINT WARNING * * *
Sorry, you're not good enough to have a special ability.
You feel very mighty all of a sudden. The orc priest barely misses you.
You block the orc's attack. x2
You barely miss the orc priest.
The orc priest is moderately wounded.
The orc hits you with a +0 hand axe.
* * * LOW HITPOINT WARNING * * *
The orc priest looks encouraged for a moment.
The orc closely misses you.
You closely miss the orc priest.
The orc priest is moderately wounded.
The orc barely misses you. You block the orc priest's attack.
You block the orc's attack.
You barely miss the orc priest.
The orc priest is moderately wounded.
The orc priest hits you with a +0 hand axe.
* * * LOW HITPOINT WARNING * * *
The orc hits you with a +0 hand axe.
You die...

#....##...## '....##...#
..... #....##...## .....
##...#8...8# ......
#######...#### ###......
8###8##...##8###8#......
........................
........⌠...[..woo......
................@o......
8###8##...##8###8#......
## ####...#### ### .#...
#8...8# .... ##...## ..
#...# .. .


You could see a worm, an orc priest and 2 orcs.

Vanquished Creatures
  A howler monkey (D:4)
  Natasha (D:2)
  3 gnolls (D:3)
  4 adders
  2 worms (D:2)
  A dart slug (D:1)
  5 orcs
  4 endoplasms
  A giant cockroach (D:1)
  7 goblins
  3 hobgoblins
  2 jackals (D:1)
  3 kobolds
  A quokka (D:1)
  8 ball pythons
  5 bats
  3 frilled lizards
  8 rats
62 creatures vanquished.

Notes
Turn   | Place    | Note
-------+----------+-------------------------------------------
     0 | D:1      | benadryl the Troll Fighter began the quest for the Orb.
     0 | D:1      | Reached XP level 1. HP: 22/22 MP: 0/0
   198 | D:1      | Reached XP level 2. HP: 29/29 MP: 1/1
   254 | D:1      | Reached skill level 3 in Unarmed Combat
   795 | D:2      | Reached XP level 3. HP: 36/36 MP: 2/2
   834 | D:2      | Reached skill level 4 in Unarmed Combat
  1103 | D:2      | Noticed Natasha
  1105 | D:2      | Found Kam Jemo's General Store.
  1108 | D:2      | Killed Natasha
  1109 | D:2      | Reached XP level 4. HP: 43/44 MP: 3/3
  1363 | D:3      | Found a faded altar of an unknown god.
  1374 | D:3      | Reached skill level 5 in Unarmed Combat
  1595 | D:3      | Reached XP level 5. HP: 47/50 MP: 4/4
  2086 | D:4      | Slain by an orc

Illustrated notes

Levels and vault maps discovered:
D:1:      ebering_trefoil_twist, layout_loops_ring
D:2:      layout_basic, serial_shops, nicolae_diamond_shop, kennysheep_boxes,
          uniq_natasha
D:3:      layout_basic, ebering_ecumenical_altar_box, minivault_19,
          minivault_25, st_stairs_13
D:4:      layout_basic, mainiacjoe_overflow_six_doors_small,
          nicolae_yredelemnul_corpse_copse, serial_corexii_hall,
          corexii_hall_statues_deadend, corexii_hall_statues_l,
          corexii_hall_statues_u, corexii_hall_statues_x, uniq_edmund

Skill      XL: |  1  2  3  4 |
---------------+-------------+-----
Unarmed Combat | 3 4 5 |  5.8
Fighting       | |  2.4
Dodging        | |  2.4
Shields        | |  2.6

Action                     |  1- 3 |  4- 6 || total
---------------------------+-------+-------++-------
  Melee: Unarmed           |    81 |    72 ||   153
    Use: Potion            |       |     1 ||     1
 Armour: Robe              |    23 |    16 ||    39
  Dodge: Dodged            |    27 |    12 ||    39
  Block: Kite shield       |    24 |    30 ||    54

Table legend: (Time is in decaauts)
 A = Elapsed time spent in this place.
 B = Non-inter-level travel time spent in this place.
 C = Inter-level travel time spent in this place.
 D = Time resting spent in this place.
 E = Time spent auto-exploring this place.
 F = Levels seen in this place.
 G = Mean time per level.
                   A        B        C        D        E       F      G
               +--------+--------+--------+--------+--------+-----+--------+
         Total |   2091 |   2009 |     82 |      0 |   1653 |   4 |  522.8 |
       Dungeon |   2091 |   2009 |     82 |      0 |   1653 |   4 |  522.8 |
               +--------+--------+--------+--------+--------+-----+--------+

Top non-repeatable levels by time:
     D:3: 802 daAuts
     D:1: 636 daAuts
     D:2: 556 daAuts
     D:4: 96 daAuts
